AoeStats
← Carple

MegaRandom

503945299Analyzed
1v1 RM · 1mo ago on Sep 3, 2026· 30m 28s· 2 players
Game mode
Random Map
Map size
Tiny (2 player)
Population
200
Speed
Normal
Resources
Standard
Victory
Conquest
Starting age
Dark Age
Ending age
Imperial Age
RankedLock teamsTeams togetherTeam positionsShared explorationLock speedFull tech treeHidden civsTurbo modeCheats
Victory
Defeat
🇨🇦 Spanish · Canada
1201
+13
🇺🇸 Armenians · United States
1145
-13
henrylinodopto
5:18 Loom
9:07 Feudal Age
9:19 Man-at-Arms
10:22 Arson
13:36 Long Swordsman
15:42 Forging
16:30 Scale Mail Armor
26:29 Castle Age
24:40 Double-Bit Axe
24:48 Gold Mining
25:01 Stone Mining
25:06 Horse Collar
27:20 Wheelbarrow
26:30 Town Watch
27:04 Two-Handed Swordsman
27:48 Squires
28:31 Iron Casting
29:17 Bow Saw
Carple
3:58 Loom
10:24 Feudal Age
13:01 Double-Bit Axe
21:35 Castle Age
20:04 Stone Mining
29:12 Husbandry
Connection lost

Rejoining the realm…

Still unreachable

The connection could not be restored.

Session expired

The server has moved on; the page needs a fresh start.